 Dungeon Crawl Stone Soup version 0.29-a0-330-g52719c12eb (webtiles) character file.

Game seed: 5281765932189827213

127 kae the Firebug (level 5, 0/33 HPs)
             Began as an Octopode Fire Elementalist on Apr 16, 2022.
             Succumbed to a scorpion's poison
             ... on level 4 of the Dungeon.
             The game lasted 00:01:41 (4621 turns).

kae the Firebug (Octopode Fire Elementalist)        Turns: 4621, Time: 00:01:42

Health: 0/33       AC:  1    Str:  7    XL:     5   Next: 11%
Magic:  1/8        EV: 13    Int: 20    God:
Gold:   236        SH:  0    Dex: 12    Spells: 2/8 levels left

rFire   . . .      SeeInvis .   j - +0 dagger
rCold   . . .      Faith    .   (no shield)
rNeg    . . .      Spirit   .   (helmet restricted)
rPois   .          Reflect  .   (no amulet)
rElec   .          Harm     .   u - ring of resist corrosion
rCorr   +          Rampage  .   (no ring)
Will    .....                   (no ring)
Stlth   +++.......              (no ring)
HPRegen 0.11/turn               (no ring)
MPRegen 0.11/turn               (no ring)
                                (no ring)
                                (no ring)

@: lethally poisoned (0 -> -8)
A: almost no armour, amphibious, 8 rings, camouflage 1, gelatinous body 1,
(nimble swimmer 1), tentacles
a: no special abilities


You were on level 4 of the Dungeon.
You visited 1 branch of the dungeon, and saw 4 of its levels.

You collected 236 gold pieces.

Inventory:

Hand Weapons
 j - a +0 dagger (weapon)
Jewellery
 u - a ring of resist corrosion (left tentacle)
Wands
 m - a wand of polymorph (13)
Scrolls
 b - 6 scrolls of identify {unknown}
 c - 2 scrolls of fog {unknown}
 e - 2 scrolls of magic mapping {unknown}
 f - a scroll of brand weapon {unknown}
 g - a scroll of blinking {unknown}
 h - 2 scrolls of enchant weapon {unknown}
 i - 4 scrolls of teleportation {unknown}
 o - 2 scrolls of enchant armour {unknown}
 q - a scroll of holy word {unknown}
 t - a scroll of silence {unknown}
 v - a scroll of immolation {unknown}
 x - a scroll of summoning {unknown}
Potions
 a - a potion of magic
 d - a potion of heal wounds {unknown}
 k - 2 potions of ambrosia {unknown}
 l - a potion of cancellation {unknown}
 n - 4 potions of curing {unknown}
 p - 2 potions of attraction {unknown}
 r - a potion of might {unknown}
 s - a potion of haste {unknown}
 w - a potion of degeneration {unknown}


   Skills:
 + Level 1.4 Fighting
 + Level 2.6 Dodging
 + Level 3.7 Stealth
 + Level 2.4 Spellcasting
 + Level 1.8 Conjurations
 * Level 4.0 Fire Magic


You had 2 spell levels left.
You knew the following spells:

 Your Spells              Type           Power      Damage    Failure   Level
a - Foxfire               Conj/Fire      56%        2x1d6     4%          1
b - Scorch                Fire           36%        2d6       4%          2
c - Conjure Flame         Conj/Fire      14%        6-21      14%         3

Your spell library contained the following spells:

 Spells                   Type           Power      Damage    Failure   Level
 Inner Flame              Hex/Fire       10%        N/A       21%         3
 Gell's Gravitas          Tloc           2%         N/A       41%         3
 Lesser Beckoning         Tloc           2%         N/A       41%         3
 Teleport Other           Tloc           2%         N/A       41%         3
 Flame Wave               Conj/Fire      14%        2d6       41%         4


Dungeon Overview and Level Annotations

Branches:
Dungeon (4/15)
 Temple: D:4-7

Altars:
Dithmenos

Shops:
D:3 =


Innate Abilities, Weirdness & Mutations

You cannot wear most types of armour.
You are amphibious.
You can wear up to eight rings at the same time.
Your skin changes colour to match your surroundings (Stealth+).
Your rubbery body absorbs attacks. (AC +1, EV +1)
((You are camouflaged when in or above water. (Stealth+)))
You have tentacles for arms and can constrict up to eight enemies at once.


Message History

Your foxfire dissipates!
Your foxfire dissipates!
The foxfire hits the scorpion.
The scorpion is moderately wounded.
The foxfire hits the scorpion.
The scorpion is heavily wounded.
Casting: Foxfire (safe; 4% risk of failure)
Confirm with . or Enter, or press ? or * to list all spells.
You conjure some foxfire!
The scorpion stings you.
The foxfire hits the scorpion.
The scorpion is heavily wounded.
The foxfire hits the scorpion.
The scorpion is heavily wounded.
The scorpion stings you.
Casting: Foxfire (safe; 4% risk of failure)
Confirm with . or Enter, or press ? or * to list all spells.
You conjure some foxfire!
The scorpion stings you. x2
The foxfire hits the scorpion but does no damage.
The scorpion is heavily wounded.
The foxfire hits the scorpion but does no damage.
The scorpion is heavily wounded.
The scorpion misses you.
Casting: Foxfire (safe; 4% risk of failure)
Confirm with . or Enter, or press ? or * to list all spells.
Flames lash the scorpion.
The scorpion is severely wounded.
The scorpion's fire resistance burns away.
The scorpion stings you. The scorpion stings you.
You are lethally poisoned!
The scorpion poisons you!
Casting: Scorch (safe; 4% risk of failure)
Confirm with . or Enter, or press ? or * to list all spells.
Flames lash the scorpion.
The scorpion is burned terribly!
The scorpion is almost dead.
* * * LOW HITPOINT WARNING * * *
You feel very sick. The scorpion stings you.
* * * LOW HITPOINT WARNING * * *
You die...

## #.# ## #... #.# # #... #.##
# #... #####..##########
#...##### #......#....[..#
####...#...####.####.#.......#
............#.....[..........#
..!..............#...........#
.......s....#s@<....#........#
####...#...####..#.###......(#
#...##### #.....#.>......#
#... ##.##..#.####### #>.s
#.......####### #...
####.###......# .... #.
#.####.## .##.# . ##.#.....#
#. ..........


You could see a scorpion (combustible).

Vanquished Creatures
  4 adders
  A worm (D:2)
  An orc (D:4)
  5 ball pythons
  8 bats
  12 endoplasms
  3 giant cockroaches
  8 goblins
  5 hobgoblins
  8 jackals (D:1)
  9 kobolds
  4 quokkas
  A frilled lizard (D:2)
  8 rats
77 creatures vanquished.

Vanquished Creatures (others)
  225 foxfires
225 creatures vanquished.

Grand Total: 302 creatures vanquished

Notes
Turn   | Place    | Note
-------+----------+-------------------------------------------
     0 | D:1      | kae the Octopode Fire Elementalist began the quest for the
                  | Orb.
     0 | D:1      | Reached XP level 1. HP: 11/11 MP: 3/3
    52 | D:1      | Reached XP level 2. HP: 8/17 MP: 1/5
   282 | D:1      | Learned a level 2 spell: Scorch
   626 | D:1      | Reached XP level 3. HP: 22/22 MP: 4/6
   630 | D:1      | Learned a level 3 spell: Conjure Flame
  1899 | D:2      | Reached XP level 4. HP: 20/27 MP: 7/7
  2000 | D:2      | Reached skill level 1 in Fighting
  2093 | D:2      | Found a faded altar of an unknown god.
  3284 | D:3      | Found Qafuk's Jewellery Boutique.
  4391 | D:4      | Reached XP level 5. HP: 33/33 MP: 6/8
  4420 | D:4      | Found a shadowy altar of Dithmenos.
  4541 | D:4      | Reached skill level 4 in Fire Magic
  4620 | D:4      | HP: 1/33 [scorpion (6)]
  4621 | D:4      | Succumbed to a scorpion's poison

Illustrated notes

Levels and vault maps discovered:
D:1:      sevenhm_arrival_forest_fort_small_3, layout_rooms, roderic_lattice_a,
          kennysheep_crisscross, minmay_heptomino_w4
D:2:      minmay_inner_zag, layout_basic, hellmonk_ecumenical_altar_arch_garden,
          minmay_fractal_squares_gapless_5
D:3:      layout_basic, serial_shops, shop, minivault_4
D:4:      layout_loops_cross, mainiacjoe_overflow_brackets, lemuel_round_altar,
          serial_shops, shop_fountains, kennysheep_generic_room_7

Skill      XL: |  1  2  3  4  5 |
---------------+----------------+-----
Stealth        | 3 |  3.7
Fighting       | 1 |  1.4
Fire Magic     | 4 |  4.0
Dodging        | |  2.6
Spellcasting   | |  2.4
Conjurations   | |  1.8

Action                   |  1- 3 |  4- 6 || total
-------------------------+-------+-------++-------
Melee: Unarmed           |    39 |       ||    39
       Tentacles         |    15 |     2 ||    17
       Constrict         |    16 |     2 ||    18
       Dagger            |    20 |    15 ||    35
       Punch             |     2 |       ||     2
 Cast: Foxfire           |    54 |    79 ||   133
       Scorch            |       |     5 ||     5
 Stab: Sleeping          |     2 |     3 ||     5
Armor: Skin              |     7 |     1 ||     8
Dodge: Dodged            |    43 |    12 ||    55

Table legend: (Time is in decaauts)
 A = Elapsed time spent in this place.
 B = Non-inter-level travel time spent in this place.
 C = Inter-level travel time spent in this place.
 D = Time resting spent in this place.
 E = Time spent auto-exploring this place.
 F = Levels seen in this place.
 G = Mean time per level.
                   A        B        C        D        E       F      G
               +--------+--------+--------+--------+--------+-----+--------+
         Total |   4619 |   4544 |     75 |    210 |   3746 |   4 | 1154.8 |
       Dungeon |   4619 |   4544 |     75 |    210 |   3746 |   4 | 1154.8 |
               +--------+--------+--------+--------+--------+-----+--------+

Top non-repeatable levels by time:
     D:2: 1691 daAuts
     D:1: 1475 daAuts
     D:3: 1219 daAuts
     D:4: 232 daAuts
